 Dungeon Sprint DCSS version 0.17-a0-1719-g1afd5a1 (webtiles) character file.

3 Kidiri the Chopper (level 1, 0/18 HPs)
             Began as a Minotaur Gladiator on Aug 28, 2015.
             Was an Initiate of Okawaru.
             Slain by a gnoll
             ... wielding a +0 whip
              (4 damage)
             ... in the Dungeon (Sprint VII: "The Pits").
             The game lasted 00:04:32 (235 turns).

Kidiri the Chopper (Minotaur Gladiator)              Turns: 235, Time: 00:04:33

Health: 0/18       AC:  3    Str: 19    XL:     1   Next: 41%
Magic:  0/0        EV: 12    Int:  5    God:    Okawaru [......]
Gold:   0          SH:  0    Dex: 10    Spells: 0 memorised, 0 levels left

rFire  . . .     SeeInvis .     r - +2 hand axe
rCold  . . .     Clarity  .     b - +0 leather armour
rNeg   . . .     SustAt   .     (no shield)
rPois  .         Gourm    .     c - +0 hat
rElec  .         Spirit   .     (no cloak)
rCorr  .         Warding  .     (no gloves)
rMut   .         NoTele   +     (no boots)
MR     .....                    (no amulet)
Stlth  +.........               (no ring)
                                (no ring)

@: not resistant to hostile enchantments, very unstealthy
A: retaliatory headbutt, horns 2
a: Renounce Religion


You were in the Dungeon.
You worshipped Okawaru.
Okawaru was noncommittal.
You were not hungry.

You visited 1 branch

Inventory:

Hand weapons
 a - a +0 war axe
 r - a +2 hand axe (weapon)
Missiles
 d - 3 throwing nets (quivered)
Armour
 b - a +0 leather armour (worn)
 c - a +0 hat (worn)
Scrolls
 k - a scroll of blinking
 o - 3 scrolls of remove curse
 p - 5 scrolls of amnesia
 q - a scroll of summoning
Potions
 f - a potion of curing
 g - a potion of heal wounds
 h - a potion of haste
 i - 4 potions of magic
 j - 3 potions of berserk rage
 n - 2 potions of invisibility
Comestibles
 e - 8 bread rations
 l - 40 fruits
 m - 7 meat rations
 s - 4 chunks of flesh


   Skills:
 + Level 2.6 Fighting
 * Level 4.1 Axes
 + Level 2.1 Throwing
 * Level 1.7 Armour
 * Level 3.5 Dodging
 + Level 0.2 Invocations


You couldn't memorise any spells.
You didn't know any spells.

Dungeon Overview and Level Annotations

Branches:
Dungeon (1/1)

Altars:
Ashenzari
Cheibriados
Dithmenos
Elyvilon
Fedhas
Gozag
Kikubaaqudgha
Makhleb
Nemelex Xobeh
Okawaru
Qazlal
Ru
Sif Muna
Trog
Vehumet
Xom
Yredelemnul
Zin
The Shining One
Beogh
Jiyva
Lugonu


Innate Abilities, Weirdness & Mutations

You reflexively headbutt those who attack you in melee.
You have a pair of horns on your head.


Message History

s - 4 chunks of flesh You see here a club.
You start resting.
HP restored.
You open the door.
A gnoll comes into view. It is wielding a whip.
The gnoll shouts!
An ooze comes into view.
You hit the gnoll but do no damage. The gnoll hits you with a whip!
You hit the gnoll.
The gnoll is moderately wounded.
The gnoll hits you with a whip.
You hit the gnoll.
The gnoll is severely wounded.
The gnoll hits you with a whip.
* * * LOW HITPOINT WARNING * * *
You hit the gnoll.
The gnoll is almost dead.
The gnoll hits you with a whip.
You die...

#__________#
#.#####+##############
#_#).)+.+..##.........
#_#)))#.#?(##......#..
#######+#####.........
#...........'.........
#+#####'#####......#..
#.....# #.........
#..@).# ####+#####
###g### #.......# .J.
#.......# .....
#.......# ####+##
#...<...# #.......#
#.......# #.......#
#########


You could see a gnoll and an ooze.

Vanquished Creatures
  A hobgoblin (D)
  A quokka (D)
  A rat (D)
3 creatures vanquished.

Notes
Turn   | Place    | Note
--------------------------------------------------------------
     0 | D        | Kidiri the Minotaur Gladiator began the quest for the Orb.
     0 | D        | Reached XP level 1. HP: 18/18 MP: 0/0
    42 | D        | Found a sacrificial altar of Ru.
    42 | D        | Found a basalt altar of Yredelemnul.
    42 | D        | Found a shadowy altar of Dithmenos.
    42 | D        | Found a deep blue altar of Sif Muna.
    42 | D        | Found a burning altar of Makhleb.
    42 | D        | Found a shimmering altar of Xom.
    42 | D        | Found an ancient bone altar of Kikubaaqudgha.
    42 | D        | Found a sparkling altar of Nemelex Xobeh.
    43 | D        | Found a glowing golden altar of the Shining One.
    43 | D        | Found a bloodstained altar of Trog.
    43 | D        | Found a shattered altar of Ashenzari.
    43 | D        | Found a white marble altar of Elyvilon.
    43 | D        | Found a snail-covered altar of Cheibriados.
    43 | D        | Found a blossoming altar of Fedhas.
    43 | D        | Found a radiant altar of Vehumet.
    43 | D        | Found a glowing silver altar of Zin.
    43 | D        | Found a corrupted altar of Lugonu.
    43 | D        | Found a viscous altar of Jiyva.
    43 | D        | Found a roughly hewn altar of Beogh.
    43 | D        | Found an iron altar of Okawaru.
    49 | D        | Found a stormy altar of Qazlal.
    50 | D        | Found an opulent altar of Gozag.
    52 | D        | Became a worshipper of Warmaster Okawaru
    82 | D        | Reached skill level 1 in Armour
    84 | D        | Reached skill level 4 in Axes
   235 | D        | Slain by a gnoll

Vault maps used:
D:        pitsprint

Action                   || total
-------------------------++-------
Melee: Hand axe          ||     8
       War axe           ||     2
